Map: Catalyst LE

Players

IagoAbreu

  • Race: Protoss Protoss
  • Spawn Location: 5:00

Ldemetri - Winner!

  • Race: Zerg Zerg
  • League: Gold
  • Spawn Location: 11:00

VOD

Have the link to the VOD?

Description

Time

  • Played on: Feb. 21, 2018, 10:28 a.m.
  • Length: 10:27
Show
View Real Time Build Order
Export as new Build Order

IagoAbreu Protoss 

Build Orders:  

Get SALT Encoding   

  12  0:14  Pylon  
  12  0:23  Probe (Chrono Boost)  
  13  0:33  Probe (Chrono Boost)  
  14  0:50  Gateway  
  14  0:51  Forge  
  14  1:23  Assimilator  
  14  1:27  Assimilator  
  14  1:29  Probe (Chrono Boost)  
  15  1:38  Photon Cannon  
  15  1:39  Photon Cannon, Probe (Chrono Boost)  
  16  1:44  Probe (Chrono Boost)  
  17  1:50  Pylon  
  17  1:53  Cybernetics Core  
  17  2:05  Probe (Chrono Boost)  
  18  2:15  Probe (Chrono Boost)  
  19  2:20  Probe (Chrono Boost)  
  20  2:31  Probe  
  21  2:39  Stargate  
  21  2:48  Probe  
  22  3:05  Stargate  
  22  3:30  Nexus  
  22  3:42  Assimilator  
  22  3:44  Void Ray (Chrono Boost)  
  22  3:46  Assimilator  
  30  4:03  Void Ray (Chrono Boost)  
  30  4:35  Pylon  
  30  4:37  Pylon  
  30  4:52  Photon Cannon  
  30  4:53  Void Ray  
  30  4:57  Photon Cannon  
  34  5:01  Void Ray  
  38  5:10  Protoss Air Weapons Level 1 (Chrono Boost)  
  38  5:12  Probe (Chrono Boost)  
  39  5:30  Nexus  
  39  5:32  Assimilator  
  39  5:37  Assimilator  
  30  6:12  Void Ray x2  
  38  7:01  Protoss Shields Level 1  
  38  7:04  Void Ray  
  42  7:09  Probe  
  43  7:22  Probe  
  44  7:34  Probe  
  45  7:46  Probe  
  42  7:58  Probe  
  31  8:11  Void Ray (Chrono Boost)  
  39  8:21  Void Ray (Chrono Boost)  
  39  8:28  Robotics Facility  
  39  8:49  Void Ray  
  41  8:57  Void Ray  
  43  9:16  Warp Prism  
  43  9:23  Pylon  
  45  9:26  Pylon  
Show
View Real Time Build Order
Export as new Build Order

Ldemetri Zerg - Winner!

Build Orders: Hatch First 

Get SALT Encoding   

  12  0:01  Drone  
  13  0:10  Drone  
  14  0:18  Overlord  
  14  0:36  Drone  
  14  0:37  Drone  
  14  0:38  Drone  
  17  0:47  Drone  
  18  0:57  Extractor  
  17  1:04  Drone  
  17  1:09  Hatchery  
  17  1:18  Spawning Pool  
  17  1:22  Drone  
  17  1:23  Drone  
  18  1:32  Overlord  
  18  1:42  Drone  
  19  1:52  Drone  
  20  2:05  Queen  
  20  2:07  Zergling x2  
  23  2:16  Zergling x2  
  23  2:21  Queen  
  26  2:23  Drone  
  27  2:31  Metabolic Boost  
  27  2:36  Drone x3  
  31  2:51  Zergling x4  
  32  3:02  Queen x2  
  36  3:06  Overlord  
  36  3:07  Overlord  
  35  3:39  Lair  
  35  4:19  Extractor  
  34  4:29  Drone  
  34  4:30  Drone x16  
  51  4:35  Extractor  
  51  4:37  Extractor  
  49  4:51  Hatchery  
  48  4:52  Hatchery  
  47  5:37  Spire  
  44  5:58  Queen  
  46  6:08  Queen  
  46  6:09  Queen x2  
  50  6:26  Hydralisk Den  
  49  6:33  Drone  
  49  6:34  Drone x6  
  49  6:35  Drone  
  49  6:38  Drone x3  
  49  6:39  Drone x4  
  64  6:52  Corruptor  
  64  6:54  Overlord x3  
  64  7:05  Spore Crawler x2  
  64  7:06  Spore Crawler  
  61  7:11  Corruptor x3  
  61  7:12  Corruptor x6  
  78  7:34  Hydralisk  
  78  7:35  Hydralisk  
  82  7:37  Overlord  
  82  7:38  Overlord x3  
  77  8:04  Zergling x2  
  77  8:05  Zergling x26  
  91  8:28  Corruptor x6  
  103  8:35  Infestation Pit  
  102  9:05  Corruptor  
  102  9:06  Corruptor x5  
  110  9:47  Overlord x3  
Tags
 
League
Gold
Matchup
PvZ
Spawn Locations
Cross Positions
Add a new tag
Caveats
  • Supply blocks, unpowered buildings, or Contaminate may cause inaccurate times.
  • Supply counts are checked every 10 seconds.